 Dungeon Crawl Stone Soup version 0.31-a0-188-g5e087ee2ca (webtiles) character file.

Game seed: 7368609898877004105

64 qw the Shooter (level 3, -2/22 HPs)
             Began as a Deep Elf Hunter on June 23, 2023.
             Slain by a kobold
             ... wielding a +0 whip
              (4 damage)
             ... in a sewer.
             The game lasted 00:00:27 (1164 turns).

qw the Shooter (Deep Elf Hunter)                    Turns: 1164, Time: 00:00:28

Health: -2/22      AC:  7    Str: 10    XL:     3   Next: 91%
Magic:  5/5        EV: 11    Int: 13    God:
Gold:   81         SH:  0    Dex: 18    Spells: 2/2 levels left

rFire   . . .        a - +3 arbalest (heavy)
rCold   . . .        (shield currently unavailable)
rNeg    . . .        g - +0 ring mail
rPois   .            (helmet restricted)
rElec   .            (no cloak)
rCorr   .            (no gloves)
SInv    .            h - +1 pair of boots
Will    .....        (no amulet)
Stlth   +            (no ring)
HPRegen 0.23/turn    (no ring)
MPRegen 0.09/turn

%: no passive effects
@: no status effects
A: beak, robust 1
a: no special abilities


You were in a sewer.
You visited 1 branch of the dungeon, and saw 3 of its levels.
You also visited: Sewer.

You collected 81 gold pieces.


Innate Abilities, Weirdness & Mutations

You have a beak for a mouth.
You are robust. (+10% HP)


   Skills:
 - Level 1.5 Fighting
 + Level 7.3 Ranged Weapons
 - Level 2.4 Dodging
 - Level 1.2 Stealth


You had 2 spell levels left.
You didn't know any spells.
Your spell library was empty.

Inventory:

Hand Weapons
 a - a +3 heavy arbalest (weapon)
Armour
 g - a +0 ring mail (worn)
 h - a +1 pair of boots (worn)
Potions
 d - a potion of haste {unknown}
 e - a potion of degeneration {unknown}
 i - a potion of brilliance {unknown}
 j - 2 potions of mutation
 k - a potion of ambrosia {unknown}

Dungeon Overview and Level Annotations

Branches:
Dungeon (3/15)              Sewer (1/1)

Altars:


Message History

A frilled lizard comes into view.
The frilled lizard moves out of view.
A frilled lizard and a rat come into view.
You shoot a bolt. The bolt hits the frilled lizard!!
You kill the frilled lizard!
You shoot a bolt. The bolt hits the rat!!
You kill the rat!
Things that are here:
a rat corpse; a frilled lizard corpse You open the large door. 7 kobolds come into view.
The kobold shouts! x7
Found a pink potion, a white potion and a robe.
Found a gate leading back out of this place.
You shoot a bolt. The bolt barely misses the kobold. x2
The kobold barely misses you. The kobold completely misses you.
The kobold hits you but does no damage. The kobold completely misses you.
The kobold barely misses you.
You shoot a bolt. The bolt misses the kobold.
The kobold hits you with a +0 whip. The kobold closely misses you.
The kobold hits you but does no damage. The kobold barely misses you.
The kobold closely misses you. The kobold hits you but does no damage.
The kobold hits you with a +0 dagger.
You shoot a bolt. The bolt misses the kobold.
The bolt closely misses the kobold.
The kobold barely misses you. The kobold closely misses you.
The kobold barely misses you. The kobold completely misses you.
The kobold hits you with a +0 whip. x2; The kobold hits you but does no damage.
The kobold completely misses you. The kobold closely misses you.
The kobold completely misses you. The kobold hits you but does no damage.
The kobold barely misses you.
You shoot a bolt. The bolt hits the kobold.
The kobold is severely wounded.
The kobold closely misses you.
The kobold hits you but does no damage. x2
The kobold hits you with a +0 dagger. The kobold hits you with a +0 whip. x2
The kobold hits you but does no damage. The kobold hits you with a +0 dagger.
You shoot a bolt. The bolt hits the kobold!!!
You kill the kobold!
The kobold barely misses you. The kobold hits you with a +0 whip.
You die...

.~ P~~
~~~#################
~~~~~~~~~~~~~~~~~~~#
~~~~~~~~~~~~~~~~~~~#
~~~~~~~~~~~~~~~~~~~#
######~~########'###
....~~~%PK#K...#...#
....~~P~.@)K.\.#.\.#
.........KKK[..#.\.#
..........#....#####
........########
.....##.# ##### ###


You could see 6 kobolds.

Vanquished Creatures
  An adder (D:3)
  2 worms (D:2)
  3 dart slugs
  An orc (D:3)
  9 bats
  6 endoplasms
  2 goblins (D:2)
  4 hobgoblins
  2 jackals (D:1)
  2 ball pythons
  3 frilled lizards
  4 kobolds
  2 rats
41 creatures vanquished.

Notes
Turn   | Place    | Note
-------+----------+-------------------------------------------
     0 | D:1      | qw the Deep Elf Hunter began the quest for the Orb.
     0 | D:1      | Reached XP level 1. HP: 12/12 MP: 3/3
     0 | D:1      | 0 ||| qw: Version: 0.3-a-9-g12657ce
     0 | D:1      | 0 ||| qw: Game counter: 4173
     0 | D:1      | 0 ||| qw: Always use a shield: true
     0 | D:1      | 0 ||| qw: God list: Okawaru
     0 | D:1      | 0 ||| qw: Allow faded altars: false
     0 | D:1      | 0 ||| qw: Do Orc after D:15 true
     0 | D:1      | 0 ||| qw: Do second Lair branch before Depths: true
     0 | D:1      | 0 ||| qw: Lair rune preference: random
     0 | D:1      | 0 ||| qw: Plans: Normal
     0 | D:1      | 0 ||| PLANNING D:1-11
    84 | D:1      | Reached skill level 6 in Ranged Weapons
    84 | D:1      | Reached XP level 2. HP: 16/16 MP: 4/4
   319 | D:1      | 319 ||| UPGRADING to +0 ring mail.
   329 | D:1      | 329 ||| DROPPING +0 leather armour.
   330 | D:1      | 330 ||| UPGRADING to +1 pair of boots.
   335 | D:1      | 335 ||| READING scroll labelled QOUGOG MECUIME.
   336 | D:1      | 336 ||| READING scroll labelled ZODGHA QAOPSAIR.
   336 | D:1      | Identified a scroll of acquirement
   336 | D:1      | 336 ||| ACQUIRING +3 heavy arbalest
   336 | D:1      | Acquired a +3 heavy arbalest
   338 | D:1      | 338 ||| SWAPPING to +3 heavy arbalest.
   339 | D:1      | 339 ||| DROPPING +0 shortbow.
   340 | D:1      | 340 ||| DROPPING scroll of butterflies.
   408 | D:2      | Reached XP level 3. HP: 20/20 MP: 5/5
   607 | D:2      | Reached skill level 7 in Ranged Weapons
   938 | D:2      | 938 ||| READING scroll labelled RAUSAFF AGEL.
   939 | D:2      | 939 ||| DRINKING 3 bubbling orange potions.
  1044 | D:2      | 1044 ||| DRINKING 2 metallic silvery potions.
  1044 | D:2      | Gained mutation: You are robust. (+10% HP) [potion of
                  | mutation]
  1044 | D:2      | Gained mutation: You have a beak for a mouth. [potion of
                  | mutation]
  1050 | D:2      | 1050 ||| DROPPING 2 potions of berserk rage.
  1075 | D:3      | 1075 ||| PLANNING SEWER
  1119 | D:3      | Found a glowing drain.
  1120 | D:3      | 1120 ||| READING scroll labelled WIRAULA ORUPS.
  1135 | Sewer    | Entered a sewer
  1163 | Sewer    | HP: 2/22 [kobold/+0 whip (4)]
  1164 | Sewer    | Slain by a kobold

Levels and vault maps discovered:
D:1:      dpeg_arrival_tiny_d, layout_rooms
D:2:      layout_basic, guppyfry_early_lair_pool
D:3:      layout_loops_cross, cheibrodos_sewer_entry_sluice, uniq_robin,
          uniq_ijyb
Sewer:    kennysheep_pipe_town

Skill      XL: |  1  2  3 |
---------------+----------+-----
Ranged Weapons | 6 7 |  7.3
Fighting       | |  1.5
Dodging        | |  2.4
Stealth        | |  1.2

Action                     || total
---------------------------++-------
   Fire: Shortbow          ||    34
         Arbalest          ||    47
    Use: Scroll            ||     4
         Potion            ||     2
 Armour: Leather armour    ||     2
         Ring mail         ||    23
  Dodge: Dodged            ||    35

Table legend:
 A = Non-vault XP
 B = Vault XP
 C = Vault XP percentage of total XP
 D = Non-vault monster count
 E = Vault monster count
 F = Vault count percentage of total count
                 A         B        C        D         E       F
            +---------+---------+-------+---------+---------+-------
      Total |      87 |       6 |   6.5 |      35 |       6 |  14.6
            +---------+---------+-------+---------+---------+-------
        D:1 |      34 |       0 |   0.0 |      17 |       0 |   0.0
        D:2 |      33 |       0 |   0.0 |      14 |       0 |   0.0
        D:3 |      20 |       2 |   9.1 |       4 |       2 |  33.3
      Sewer |       0 |       4 | 100.0 |       0 |       4 | 100.0
            +---------+---------+-------+---------+---------+-------
